AoeStats
← Abacaxi de Marataízes ^_~

Arabia

504584595Analyzed
1v1 RM · 27d ago on Sep 5, 2026· 93m 10s· 2 players
Game mode
Random Map
Map size
Tiny (2 player)
Population
200
Speed
Normal
Resources
Standard
Victory
Conquest
Starting age
Dark Age
Ending age
Imperial Age
RankedLock teamsTeams togetherTeam positionsShared explorationLock speedFull tech treeHidden civsTurbo modeCheats
Victory
Defeat
🇦🇷 Goths · Argentina
814
+16
🇧🇷 Inca · Brazil
812
-16
Abacaxi de Marataízes ^_~
13:24 Feudal Age
14:31 Double-Bit Axe
14:42 Stone Mining
16:08 Double-Bit Axe
23:01 Fletching
26:17 Padded Archer Armor
38:36 Castle Age
38:52 Crossbowman
39:49 Leather Archer Armor
46:04 Bow Saw
46:48 Bodkin Arrow
50:10 Horse Collar
53:01 Heavy Plow
56:07 Scale Mail Armor
57:05 Chain Mail Armor
56:46 Guard Tower
58:03 Chain Mail Armor
58:39 Forging
59:19 Masonry
63:45 Imperial Age
66:02 Bracer
67:06 Ring Archer Armor
68:09 Chemistry
68:05 Plate Mail Armor
68:10 Iron Casting
69:43 Arson
69:59 Squires
70:03 Andean Sling
70:52 Keep
72:34 Blast Furnace
72:31 Fabric Shields
73:37 Conscription
75:03 Elite Kamayuk
76:56 Fabric Shields
78:25 Thumb Ring
79:23 Arbalester
81:52 Gold Mining
82:37 Crop Rotation
82:45 Stone Shaft Mining
mailalgo1
0:27 Loom
13:01 Feudal Age
23:23 Man-at-Arms
24:03 Fletching
46:46 Double-Bit Axe
50:02 Castle Age
49:58 Bloodlines
50:56 Wheelbarrow
53:21 Squires
53:24 Anarchy
57:05 Gold Mining
57:34 Bow Saw
62:22 Imperial Age
62:03 Forging
61:55 Scale Mail Armor
63:18 Elite Huskarl
65:14 Hand Cart
65:15 Horse Collar
67:14 Heavy Plow
68:17 Two-Man Saw
67:34 Town Watch
68:55 Chain Mail Armor
69:44 Stone Mining
71:41 Masonry
71:27 Murder Holes
72:33 Chemistry
71:32 Murder Holes
73:40 Iron Casting
73:02 Bodkin Arrow
74:38 Town Patrol
75:45 Blast Furnace
81:17 Bracer
82:09 Architecture
82:00 Ballistics
Connection lost

Rejoining the realm…

Still unreachable

The connection could not be restored.

Session expired

The server has moved on; the page needs a fresh start.